 Dungeon Crawl Stone Soup version 0.26-a0-639-g72c4674329 (webtiles) character file.

Game seed: 11466850167375887133

342 ANON1729 the Skirmisher (level 6, -3/40 HPs)
             Began as a Gargoyle Fighter on Sept 15, 2020.
             Was an Initiate of the Shining One.
             Killed by divine providence
             ... invoked by an orc priest
              (12 damage)
             ... on level 6 of the Dungeon.
             The game lasted 00:07:11 (4973 turns).

ANON1729 the Skirmisher (Gargoyle Fighter)          Turns: 4973, Time: 00:07:12

Health: -3/40      AC: 15    Str: 23    XL:     6   Next: 57%
Magic:  6/6        EV:  7    Int:  9    God:    the Shining One [......]
Gold:   168        SH:  9    Dex:  9    Spells: 5/5 levels left

rFire    x . .     SeeInvis .   a - +1 long sword
rCold    + . .     Faith    .   c - +0 kite shield
rNeg     + . .     Spirit   .   b - +0 scale mail
rPois    ∞         Reflect  .   (no helmet)
rElec    +         Harm     .   (no cloak)
rCorr    .         Rampage  .   (no gloves)
MR       .....                  v - +2 pair of boots of Odghuizo {Str+2}
Stlth    ..........             (no amulet)
HPRegen  0.13/turn              m - ring of ice
MPRegen  0.10/turn              (no ring)

@: glowing
A: negative energy resistance 1, electricity resistance, unbreathing,
petrification resistance, rot immunity, AC +4
a: Renounce Religion


You were on level 6 of the Dungeon.
You worshipped the Shining One.
The Shining One was noncommittal.
You visited 2 branches of the dungeon, and saw 7 of its levels.

You collected 284 gold pieces.
You spent 116 gold pieces at shops.

Inventory:

Hand Weapons
 a - a +1 long sword (weapon)
Armour
 b - a +0 scale mail (worn)
 c - a +0 kite shield (worn)
 v - the +2 pair of boots of Odghuizo (worn) {Str+2}
   (You found it on level 4 of the Dungeon)

   It affects your strength (+2).
Jewellery
 m - a ring of ice (left hand)
Scrolls
 h - 2 scrolls of immolation {unknown}
 j - 4 scrolls of teleportation
 n - a scroll of fog {unknown}
 p - 3 scrolls of enchant weapon
 q - a scroll of enchant armour
 r - a scroll of magic mapping
 t - a scroll of remove curse {unknown}
 u - 2 scrolls of noise {unknown}
 w - a scroll of random uselessness {unknown}
 x - a scroll of identify
Potions
 d - a potion of might
 e - 2 potions of heal wounds {unknown}
 f - a potion of mutation {unknown}
 g - 3 potions of stabbing
 i - a potion of berserk rage {unknown}
 k - 2 potions of curing
 l - a potion of invisibility {unknown}
 o - 2 potions of brilliance {unknown}
 s - a potion of flight {unknown}


   Skills:
 + Level 5.1 Fighting
 + Level 3.5 Long Blades
 + Level 5.1 Armour
 - Level 4.0 Shields


You had 5 spell levels left.
You didn't know any spells.
Your spell library was empty.

Dungeon Overview and Level Annotations

Branches:
Dungeon (6/15)             Temple (1/1) D:5

Altars:
Ashenzari
Cheibriados
Elyvilon
Fedhas
Gozag
Kikubaaqudgha
Makhleb
Nemelex Xobeh
Okawaru
Qazlal
Ru
Sif Muna
Trog
Uskayaw
Vehumet
Xom
Yredelemnul
Zin
The Shining One

Shops:
D:4 *


Innate Abilities, Weirdness & Mutations

You are resistant to torment.
Your stone body is resilient. (AC +4)
You are immune to poison.
You resist negative energy. (rN+)
You are resistant to electric shocks. (rElec)
You can survive without breathing.
You are immune to petrification.
You are immune to rotting.


Message History

You are too injured to fight recklessly!
You are too injured to fight recklessly!
You are too injured to fight recklessly!
You closely miss the orc priest.
The orc priest is almost dead.
You block the adder's attack.
The orc priest calls down the wrath of Beogh upon you.
Beogh smites you!
* * * LOW HITPOINT WARNING * * *
You block the orc's attack. The adder bites you but does no damage.
It was a potion of curing.
You feel better.
The orc priest hits you with a +0 dagger.
* * * LOW HITPOINT WARNING * * *
The adder barely misses you. The orc hits you but does no damage.
Your shield prevents you from hitting the orc priest.
The orc priest is almost dead.
The adder bites you but does no damage.
The orc priest calls down the wrath of Beogh upon you.
Beogh smites you!
You die...

. .# # ###
#.#.#
##.####<##
#.....
.........#
#.....#
##.####.##
##.......
#.#####oo......
#...$..@S......
########.......
....... .####..
.# . .. ##


You could see an orc priest, an adder and an orc.

Vanquished Creatures
  A hound (D:5)
  An orc priest (D:4)
  A worker ant (D:5)
  Natasha (thrice) (D:2)
  A killer bee zombie (D:5)
  A hound skeleton (D:4)
  4 adders
  A shadow imp (D:5)
  A white imp (D:5)
  An ufetubus (D:5)
  3 dart slugs
  3 leopard geckos
  14 orcs
  4 giant cockroaches
  6 goblins
  6 hobgoblins
  7 jackals
  4 kobolds
  A quokka (D:2)
  2 ball pythons
  4 bats
  A frilled lizard (D:1)
  7 rats
77 creatures vanquished.

Notes
Turn   | Place    | Note
-------+----------+-------------------------------------------
     0 | D:1      | ANON1729 the Gargoyle Fighter began the quest for the Orb.
     0 | D:1      | Reached XP level 1. HP: 14/14 MP: 1/1
    74 | D:1      | Reached XP level 2. HP: 13/19 MP: 2/2
   502 | D:1      | Reached XP level 3. HP: 20/23 MP: 3/3
   830 | D:2      | Found an iron altar of Okawaru.
   834 | D:2      | Noticed Natasha
   839 | D:2      | Killed Natasha
   888 | D:2      | Reached XP level 4. HP: 29/29 MP: 4/4
  1126 | D:2      | Noticed Natasha
  1134 | D:2      | Killed Natasha
  1483 | D:2      | Reached XP level 5. HP: 30/33 MP: 5/5
  1557 | D:2      | Noticed Natasha
  1565 | D:2      | Killed Natasha
  2126 | D:3      | Found a burning altar of Makhleb.
  2306 | D:3      | Found a glowing silver altar of Zin.
  2306 | D:3      | Noticed an angel
  2307 | D:3      | Noticed a green death
  2454 | D:3      | Found a shimmering blue altar of Sif Muna.
  2510 | D:3      | Found an ancient bone altar of Kikubaaqudgha.
  2510 | D:3      | Found a basalt altar of Yredelemnul.
  2973 | D:4      | Noticed an ogre
  3205 | D:4      | Found Sofriac's Assorted Antiques.
  3213 | D:4      | Bought a scroll labeled NIEXZUPPAFF for 31 gold pieces
  3213 | D:4      | Bought a scroll labeled AFOLLOCHEH for 31 gold pieces
  3213 | D:4      | Bought a coppery potion for 27 gold pieces
  3218 | D:4      | Bought a puce potion for 27 gold pieces
  3253 | D:4      | Reached XP level 6. HP: 38/39 MP: 6/6
  3283 | D:4      | Found a bloodstained altar of Trog.
  3678 | D:4      | Got a pair of spiked boots
  3684 | D:4      | Identified the +2 pair of boots of Odghuizo {Str+2} (You
                  | found it on level 4 of the Dungeon)
  3699 | D:5      | Entered Level 5 of the Dungeon
  3931 | D:5      | Found a staircase to the Ecumenical Temple.
  4083 | D:5      | Reached skill level 5 in Fighting
  4083 | D:5      | Reached skill level 5 in Armour
  4110 | Temple   | Entered the Ecumenical Temple
  4673 | Temple   | Became a worshipper of the Shining One
  4971 | D:6      | HP: 2/40 [orc priest/divine providence (14)]
  4973 | D:6      | Killed from afar by an orc priest

Illustrated notes

Levels and vault maps discovered:
D:1:      psy_arrival_spokes, layout_basic, st_stairs_13
D:2:      layout_basic, okawaru_gym_becter, uniq_natasha
D:3:      layout_loops_ring, grunt_temple_overflow_order_and_chaos_2,
          gammafunk_temple_overflow_claw
D:4:      cheibrodos_pilgrimage, layout_gridville, kennysheep_mini_moat,
          nicolae_overflow_crystal_walls, grunt_dithmenos_shadows, serial_shops,
          nicolae_shop_stone
D:5:      layout_cave_pools, minmay_temple_entry_wispy, minmay_misc_feat_roman
D:6:      layout_loops_cross
Temple:   minmay_temple_forest_path

Skill      XL: |  1  2  3  4  5  6 |
---------------+-------------------+-----
Long Blades    | 2 3 |  3.5
Fighting       | 4 5 |  5.1
Armour         | 4 5 |  5.1
Shields        | 4 |  4.0

Action                   |  1- 3 |  4- 6 || total
-------------------------+-------+-------++-------
Melee: Long sword        |    69 |   233 ||   302
Throw: Dart              |       |     2 ||     2
  Use: Scroll            |       |     5 ||     5
       Potion            |       |     1 ||     1
Armor: Scale mail        |    43 |   173 ||   216
Dodge: Dodged            |    22 |    93 ||   115
Block: Kite shield       |    47 |   146 ||   193
       Rpst.: Long sword |    11 |    29 ||    40

Table legend: (Time is in decaauts)
 A = Elapsed time spent in this place.
 B = Non-inter-level travel time spent in this place.
 C = Inter-level travel time spent in this place.
 D = Time resting spent in this place.
 E = Time spent auto-exploring this place.
 F = Levels seen in this place.
 G = Mean time per level.
                   A        B        C        D        E       F      G
               +--------+--------+--------+--------+--------+-----+--------+
         Total |   5082 |   4775 |    307 |    737 |   3245 |   7 |  726.0 |
       Dungeon |   4469 |   4246 |    223 |    737 |   2717 |   6 |  744.8 |
        Temple |    612 |    529 |     83 |      0 |    528 |   1 |  612.0 |
               +--------+--------+--------+--------+--------+-----+--------+

Top non-repeatable levels by time:
     D:2: 1248 daAuts
     D:3: 1127 daAuts
     D:1: 778 daAuts
     D:5: 652 daAuts
     D:4: 636 daAuts
  Temple: 612 daAuts
     D:6: 26 daAuts
